 Dungeon Crawl Stone Soup version 0.30-a0-576-g89cddaab80 (webtiles) character file.

Game seed: 9516784795598827633

2181 Twinkles the Ruffian (level 9, -1/88 HPs)
             Began as a Troll Gladiator on Dec 30, 2022.
             Was a Priest of Uskayaw.
             Slain by a yak (8 damage)
             ... on level 7 of the Dungeon.
             The game lasted 00:10:09 (4817 turns).

Twinkles the Ruffian (Troll Gladiator)              Turns: 4817, Time: 00:10:10

Health: -1/88      AC:  4    Str: 28    XL:     9   Next: 11%
Magic:  11/11      EV: 12    Int:  6    God:    Uskayaw [***...]
Gold:   264        SH:  0    Dex: 17    Spells: 8/8 levels left

rFire   . . .      SeeInvis .      - Unarmed
rCold   . . .      Faith    .    (no shield)
rNeg    . . .      Spirit   .    E - +0 robe of Xeikhleem {Rampage Int+2}
rPois   .          Reflect  .    b - +0 hat
rElec   .          Harm     .    (no cloak)
rCorr   +          Rampage  +    (gloves unavailable)
Will    .....                    (boots unavailable)
Stlth   ++                       (no amulet)
HPRegen 1.14/turn                e - +6 ring of dexterity
MPRegen 0.12/turn                h - ring of resist corrosion

@: no status effects
A: large, unfitting armour, claws 3, regeneration 1, shaggy fur 1, tough skin 1
a: Renounce Religion, Stomp, Line Pass


You were on level 7 of the Dungeon.
You worshipped Uskayaw.
Uskayaw was noncommittal.
You visited 1 branch of the dungeon, and saw 7 of its levels.

You collected 264 gold pieces.

Inventory:

Hand Weapons
 u - a +0 flail of protection
Missiles
 c - 3 throwing nets
 d - a large rock (quivered)
 B - 6 poisoned darts
Armour
 a - a +0 robe
 b - a +0 hat (worn)
 E - the +0 robe of Xeikhleem (worn) {Rampage Int+2}
   (You found it on level 5 of the Dungeon)

   Int:       It affects your intelligence (+2).
   Rampage:   It bestows one free step when moving towards enemies.
Jewellery
 e - a +6 ring of dexterity (left claw)
 h - a ring of resist corrosion (right claw)
 z - a +6 ring of intelligence
Wands
 j - a wand of polymorph (12)
 v - a wand of roots (12)
 y - a wand of mindburst (9)
Scrolls
 f - a scroll of teleportation {unknown}
 n - a scroll of enchant weapon {unknown}
 o - 3 scrolls of poison {unknown}
 p - 7 scrolls of identify {unknown}
 r - 2 scrolls of fear {unknown}
 t - a scroll of vulnerability {unknown}
 x - 3 scrolls of fog {unknown}
 A - a scroll of amnesia {unknown}
 C - a scroll of immolation {unknown}
Potions
 g - a potion of brilliance {unknown}
 i - 3 potions of haste {unknown}
 k - 2 potions of curing {unknown}
 l - 3 potions of degeneration {unknown}
 m - a potion of might {unknown}
 q - 2 potions of magic {unknown}
 s - a potion of resistance {unknown}
 w - a potion of ambrosia {unknown}
 D - 3 potions of heal wounds {unknown}
 F - a potion of berserk rage {unknown}
 G - a potion of cancellation {unknown}


   Skills:
 + Level 5.2 Fighting
 - Level 3.0 Throwing
 + Level 5.6 Dodging
 + Level 6.7 Unarmed Combat
 + Level 4.7 Invocations


You had 8 spell levels left.
You didn't know any spells.
Your spell library contained the following spells:

 Spells                   Type           Power      Damage    Failure   Level
 Apportation              Tloc           0%         N/A       45%         1
 Beastly Appendage        Tmut           0%         N/A       45%         1
 Necrotise                Necr           0%         1d4       45%         1
 Sandblast                Erth           0%         2d4       45%         1
 Summon Small Mammal      Summ           0%         N/A       45%         1
 Ensorcelled Hibernation  Hex/Ice        0%         N/A       58%         2
 Passwall                 Tmut/Erth      0%         N/A       58%         2
 Wereblood                Tmut           0%         N/A       58%         2
 Spider Form              Tmut/Pois      0%         N/A       83%         3
 Stone Arrow              Conj/Erth      0%         3d7       83%         3
 Swiftness                Air            0%         N/A       83%         3
 Alistair's Intoxication  Tmut/Pois      0%         N/A       100%        5


Dungeon Overview and Level Annotations

Branches:
Dungeon (7/15) Zot: 26645  Temple (0/1) D:5

Altars:
Ashenzari
Dithmenos
Elyvilon
Fedhas
Hepliaklqana
Makhleb
Uskayaw
Yredelemnul

Shops:
D:5 ?   D:6 [


Innate Abilities, Weirdness & Mutations

You are too large for most types of armour.
You have claws for hands.
Your natural rate of healing is unusually fast.
You are covered in fur. (AC +1)
You have tough skin. (AC +1)


Message History

The yak is moderately wounded.
The yak closely misses you.
You scratch the yak.
The yak is moderately wounded.
You scratch the yak but do no damage. The yak gores you!
You mangle the yak!!
The yak is severely wounded.
You can now pass through a line of other dancers.
You mangle the yak!!
You kill the yak!
The yak gores you! The yak closely misses you.
You have reached level 9!
Your experience leads to an increase in your attributes!
Your base attributes are Str 25, Int 4, Dex 11.
Increase (S)trength, (I)ntelligence, or (D)exterity?
You feel stronger. x3
You barely miss the yak. You claw the yak!
The yak is heavily wounded.
The yak gores you! The yak gores you but does no damage. The yak gores you.
The yak gores you!
Uskayaw will force your foes to helplessly watch your dance.
Uskayaw prepares the audience for your solo!
The helpless yak fails to defend itself.
You claw the yak!
The yak is severely wounded.
The yak is no longer paralysed. x3; The yak barely misses you.
The yak gores you!
The helpless yak fails to defend itself.
You mangle the yak!!
You kill the yak!
The yak is no longer paralysed.
The yak barely misses you. The yak closely misses you.
The yak completely misses you.
You closely miss the yak. The yak gores you!
* * * LOW HITPOINT WARNING * * *
The yak gores you!
* * * LOW HITPOINT WARNING * * *
The yak gores you.
* * * LOW HITPOINT WARNING * * *
The yak gores you!
You die...

##.....##
##>......##
#.........# ##
#.........# .#
#.........# .#
#.........# .#
#.YYY.....# ##
##Y@.....## ##
#.........# .#
#.........# .#
#..?......# .#
#.........# .#
#.........# .#
##.......## .#
.###
#........####
.# ...
#............#


You could see 4 yaks.

Vanquished Creatures
  2 yaks (D:7)
  Sigmund (D:4)
  A shadow (D:7)
  Edmund (D:4)
  A water moccasin (D:7)
  3 ice beasts (D:6)
  A black bear (D:6)
  2 ogres
  2 necrophages (D:5)
  3 scorpions (D:5)
  A jelly (D:6)
  4 orc priests
  A hound (D:5)
  3 iguanas
  4 orc wizards
  8 adders
  A white imp (D:5)
  2 worms (D:4)
  3 dart slugs
  27 orcs
  4 ball pythons
  An endoplasm (D:2)
  A giant cockroach (D:2)
  3 goblins (D:1)
  5 hobgoblins
  4 jackals (D:1)
  3 kobolds
  A quokka (D:4)
  2 bats (D:3)
  6 frilled lizards
  5 rats
  A spectral orc (D:6)
  A bush (D:3)
108 creatures vanquished.

Vanquished Creatures (others)
  2 plants (D:1)
2 creatures vanquished.

Grand Total: 110 creatures vanquished

Notes
Turn   | Place    | Note
-------+----------+-------------------------------------------
     0 | D:1      | Twinkles the Troll Gladiator began the quest for the Orb.
     0 | D:1      | Reached XP level 1. HP: 19/19 MP: 0/0
   168 | D:1      | Reached XP level 2. HP: 28/28 MP: 1/1
  1038 | D:2      | Reached XP level 3. HP: 33/35 MP: 2/2
  1435 | D:3      | Reached XP level 4. HP: 24/42 MP: 3/3
  1524 | D:3      | Reached XP level 5. HP: 22/50 MP: 4/4
  1651 | D:3      | Reached skill level 4 in Unarmed Combat
  1886 | D:3      | Found a hide-covered altar of Uskayaw.
  1961 | D:3      | Became a worshipper of Uskayaw the Reveller
  2237 | D:4      | Reached * piety under Uskayaw
  2416 | D:4      | Noticed Edmund
  2425 | D:4      | Reached ** piety under Uskayaw
  2431 | D:4      | HP: 12/50 [Edmund/+0 flail of protection (7)]
  2432 | D:4      | Killed Edmund
  2432 | D:4      | Reached *** piety under Uskayaw
  2433 | D:4      | Reached skill level 1 in Invocations
  2433 | D:4      | Reached XP level 6. HP: 16/61 MP: 5/5
  2631 | D:4      | Noticed Sigmund
  2654 | D:4      | Killed Sigmund
  2685 | D:4      | Found a blossoming altar of Fedhas.
  2708 | D:4      | Found a white marble altar of Elyvilon.
  2754 | D:4      | Reached XP level 7. HP: 67/67 MP: 7/7
  3128 | D:5      | Entered Level 5 of the Dungeon
  3215 | D:5      | HP: 20/67 [poisoned by a scorpion]
  3220 | D:5      | HP: 19/67 [poisoned by a scorpion]
  3277 | D:5      | Reached skill level 5 in Unarmed Combat
  3327 | D:5      | Found a broken altar of Ashenzari.
  3355 | D:5      | Found a burning altar of Makhleb.
  3399 | D:5      | Identified the +0 robe of Xeikhleem {Rampage Int+2}
  3416 | D:5      | Found a staircase to the Ecumenical Temple.
  3524 | D:5      | Found Fioheyle's Magic Scroll Boutique.
  3598 | D:5      | Found a hazy altar of Hepliaklqana.
  3629 | D:5      | Reached XP level 8. HP: 78/78 MP: 9/9
  3776 | D:6      | Found a shadowy altar of Dithmenos.
  3893 | D:6      | HP: 19/79 [ogre/+0 giant spiked club (18)]
  4050 | D:6      | Reached skill level 5 in Dodging
  4050 | D:6      | Reached skill level 6 in Unarmed Combat
  4204 | D:6      | Found Bablanuc's Armour Shoppe.
  4349 | D:6      | Found a basalt altar of Yredelemnul.
  4507 | D:7      | Reached skill level 5 in Fighting
  4814 | D:7      | Reached XP level 9. HP: 67/88 MP: 11/11
  4817 | D:7      | HP: 24/88 [yak (9)]
  4817 | D:7      | HP: 10/88 [yak (14)]
  4817 | D:7      | Slain by a yak

Illustrated notes

Levels and vault maps discovered:
D:1:      reono_arrival_mine, layout_basic, chequers_big_river
D:2:      layout_rooms, minmay_fountain_box
D:3:      layout_basic, mainiacjoe_overflow_tiny_flanked, minmay_hedge_maze
D:4:      layout_gridville, fedhas_altar_fruit_tree,
          nicolae_elyvilon_peaceful_grove, uniq_edmund, uniq_sigmund
D:5:      layout_rooms, kennysheep_mini_moat, cheibrodos_ashenzari_chains,
          makhleb_heckhound_becter, minmay_temple_entry_sparse_star,
          serial_shops, nicolae_take_the_stairs, kennysheep_minor_cross
D:6:      layout_loops_cross, yredelemnul_forgotten_temple_becter,
          grunt_dithmenos_smoke, serial_shops, shop, uniq_crazy_yiuf_cottage
D:7:      layout_rooms, nicolae_tso_carved_into_rock, water_boxes_lemuel

Skill      XL: |  1  2  3  4  5  6  7  8 |
---------------+-------------------------+-----
Throwing       | 2 3 |  3.0
Fighting       | 2 3 4 5 |  5.2
Dodging        | 3 4 5 |  5.6
Unarmed Combat | 4 5 6 |  6.7
Invocations    | 1 3 4 |  4.7

Action                   |  1- 3 |  4- 6 |  7- 9 || total
-------------------------+-------+-------+-------++-------
Melee: Unarmed           |   117 |    92 |   132 ||   341
       Punch             |     2 |     5 |     7 ||    14
Throw: Large rock        |       |       |     1 ||     1
 Stab: Sleeping          |       |     1 |     1 ||     2
       Paralysed         |       |       |     4 ||     4
Armor: Robe              |    34 |    24 |    27 ||    85
Dodge: Dodged            |    45 |    65 |    54 ||   164

Table legend: (Time is in decaauts)
 A = Elapsed time spent in this place.
 B = Non-inter-level travel time spent in this place.
 C = Inter-level travel time spent in this place.
 D = Time resting spent in this place.
 E = Time spent auto-exploring this place.
 F = Levels seen in this place.
 G = Mean time per level.
                   A        B        C        D        E       F      G
               +--------+--------+--------+--------+--------+-----+--------+
         Total |   4788 |   4624 |    164 |     65 |   3769 |   7 |  684.0 |
       Dungeon |   4788 |   4624 |    164 |     65 |   3769 |   7 |  684.0 |
               +--------+--------+--------+--------+--------+-----+--------+

Top non-repeatable levels by time:
     D:4: 931 daAuts
     D:3: 921 daAuts
     D:1: 912 daAuts
     D:6: 760 daAuts
     D:5: 561 daAuts
     D:7: 353 daAuts
     D:2: 348 daAuts
